 Dungeon Crawl Stone Soup version 0.30.0-5-g1a98f26d00 (webtiles) character file.

Game seed: 419279350259588001

2074 hawla the Arsonist (level 9, -1/63 HPs)
             Began as a Meteoran Fire Elementalist on May 9, 2023.
             Was a Follower of Vehumet.
             Slain by a centaur (3 damage)
             ... on level 7 of the Dungeon on May 10, 2023.
             The game lasted 00:14:56 (2719 turns).

hawla the Arsonist (Meteoran Fire Elementalist)     Turns: 2719, Time: 00:14:56

Health: -1/63      AC:  5    Str:  9    XL:     9   Next: 80%
Magic:  7/21       EV: 13    Int: 22    God:    Vehumet [*.....]
Gold:   230        SH:  0    Dex: 15    Spells: 16/23 levels left

rFire   . . .        m - +1 quarterstaff
rCold   . . .        (shield currently unavailable)
rNeg    . . .        f - +1 robe {Will+}
rPois   .            (no helmet)
rElec   .            (no cloak)
rCorr   .            (no gloves)
SInv    .            j - +1 pair of boots
Will    ++...        (no amulet)
Stlth   +            (no ring)
HPRegen 0.30/turn    (no ring)
MPRegen 0.17/turn

%: no passive effects
@: lethally poisoned (-1 -> -2), marked, glowing
A: sense surroundings 2, otherworldly, glowing, explore regen
a: Renounce Religion


You were on level 7 of the Dungeon.
You worshipped Vehumet.
Vehumet was aware of your devotion.
You visited 2 branches of the dungeon, and saw 8 of its levels.
You also visited: Sewer.

You collected 230 gold pieces.

Inventory:

Hand Weapons
 m - a +1 quarterstaff (weapon)
 n - a +4 flail of protection
Armour
 f - a +1 robe of willpower (worn)
 j - a +1 pair of boots (worn)
Wands
 k - a wand of flame (10) (quivered)
Scrolls
 a - a scroll of teleportation
 e - a scroll of poison
 l - a scroll of magic mapping
 o - a scroll of vulnerability {unknown}
Potions
 c - a potion of mutation {unknown}
 g - 4 potions of flight
 h - a potion of ambrosia {unknown}
 i - 2 potions of might


   Skills:
 - Level 0.7 Fighting
 + Level 4.3(6.0) Maces & Flails
 + Level 5.9(6.4) Staves
 - Level 3.6 Dodging
 - Level 2.3 Stealth
 - Level 0.3 Unarmed Combat
 - Level 7.5 Spellcasting
 - Level 4.3 Conjurations
 - Level 8.0 Fire Magic
 - Level 3.0 Evocations


You had 16 spell levels left.
You knew the following spells:

 Your Spells              Type           Power      Damage    Failure   Level
a - Foxfire               Conj/Fire      100%       2x1d9     1%          1
b - Scorch                Fire           86%        2d9       1%          2
c - Flame Wave            Conj/Fire      35%        2d10      6%          4

Your spell library contained the following spells:

 Spells                   Type           Power      Damage    Failure   Level
 Shock                    Conj/Air       68%        1d7       3%          1
 Inner Flame              Hex/Fire       25%        N/A       4%          3
 Volatile Blastmotes      Fire/Tloc      50%        2d14      4%          3
 Summon Guardian Golem    Hex/Summ       8%         N/A       24%         3
 Yara's Violent Unravell  Hex/Tmut       4%         3d4       91%         5
 Enfeeble                 Hex            4%         N/A       100%        7
 Orb of Destruction       Conj           13%        9d7       100%        7
 Spellforged Servitor     Conj/Summ      8%         N/A       100%        7


Dungeon Overview and Level Annotations

Branches:
Dungeon (7/15) Zot: 1809   Temple (1/1) D:5 Zot: 381   Sewer (visited)

Altars:
Cheibriados
Dithmenos
Elyvilon
Gozag
Hepliaklqana
Makhleb
Nemelex Xobeh
Okawaru
Qazlal
Ru
Sif Muna
Trog
Uskayaw
Vehumet
Wu Jian
Xom
Yredelemnul
Zin

Shops:
D:6 (


Innate Abilities, Weirdness & Mutations

You passively map the area around you.
You are easily found by Zot.
You glow in the dark.
You regain HP and MP as you explore.


Message History

Press: ? - help, Dir - look around, f - activate A wave of flame ripples out!
The flame wave engulfs the howler monkey!
You kill the howler monkey!
Vehumet accepts your kill.
The flame wave engulfs the killer bee!
You kill the killer bee!
Vehumet accepts your kill. (Press . to intensify the flame waves.)
You feel sick.
A wave of flame ripples out!
The flame wave engulfs the orc!
You kill the orc!
Vehumet accepts your kill.
You feel sick.
A wave of flame ripples out!
The flame wave engulfs the orc!
You kill the orc!
Vehumet accepts your kill.
You finish channelling waves of flame.
You feel sick.
A centaur comes into view.
Unknown command.
Found a scroll labelled AKLIRPHU OKHLE and a pair of gloves.
Found a stone staircase leading down.
You feel sick.
The centaur wields a +0 shortbow.
The centaur shoots an arrow.
The arrow hits you!
* * * LOW HITPOINT WARNING * * *
Things that are here:
a killer bee corpse; a killer bee corpse You feel sick.
The centaur unwields a +0 shortbow.
The centaur hits you.
* * * LOW HITPOINT WARNING * * *
The centaur closely misses you.
Casting: Flame Wave (dangerous; 6% risk of failure)
Confirm with . or Enter, or press ? or * to list all spells.
Flames lash the centaur.
The centaur is heavily wounded.
The centaur's fire resistance burns away.
You feel sick. The centaur hits you.
* * * LOW HITPOINT WARNING * * *
The centaur kicks you but does no damage.
The centaur hits you.
You die...

<, #....# .....,,
, , #....###...[.
* * * , ,
,##'#.#.......
,,* * ,
##.#)#....... * ,
* #.<#)#.....# *
* *
#.####)#.....# *
, **
*#......#...?.# *
, , ,
......†††###+####
, , , ,
####.....@c.>....
,, * ,
,#.###.###.#### ,
* * , ...,...# *
,* ..#,##### *, *
*, , ..# , * ,, ,
,, * *.. *, * **
, * ** , * , , *
,,, , ,, , , , ,,
,* * , , ,


You could see a centaur (combustible).

Vanquished Creatures
  Maggie (D:6)
  Edmund (D:6)
  A water moccasin (D:5)
  A sky beast (D:7)
  An ice beast (D:5)
  A black bear (D:6)
  A centaur (D:6)
  2 kobold brigands (Sewer)
  4 scorpions
  6 killer bees (D:7)
  3 howler monkeys (D:7)
  An orc priest (D:3)
  2 hounds
  Jessica (D:3)
  3 iguanas
  4 orc wizards
  3 gnolls (D:4)
  2 adders
  2 white imps
  4 ufetubi
  A worm (D:3)
  16 orcs
  A ball python (D:4)
  3 endoplasms (D:4)
  3 giant cockroaches
  5 goblins
  A hobgoblin (D:3)
  3 jackals
  8 quokkas (D:4)
  2 bats
  2 frilled lizards (D:3)
  5 kobolds
  5 rats
99 creatures vanquished.

Vanquished Creatures (others)
  178 foxfires
178 creatures vanquished.

Grand Total: 277 creatures vanquished

Notes
Turn   | Place    | Note
-------+----------+-------------------------------------------
     0 | D:1      | hawla the Meteoran Fire Elementalist began the quest for
                  | the Orb.
     0 | D:1      | Reached XP level 1. HP: 14/14 MP: 5/5
    36 | D:1      | Reached XP level 2. HP: 20/20 MP: 0/6
    56 | D:1      | Reached skill level 4 in Fire Magic
    61 | D:1      | Learned a level 2 spell: Scorch
   146 | D:3      | Reached XP level 3. HP: 24/26 MP: 1/8
   164 | D:3      | Noticed Jessica
   172 | D:3      | Killed Jessica
   173 | D:3      | Reached XP level 4. HP: 27/33 MP: 0/10
   222 | D:4      | Reached XP level 5. HP: 37/38 MP: 4/11
   287 | D:4      | Found a sacrificial altar of Ru.
   316 | D:4      | Reached skill level 5 in Fire Magic
   331 | D:4      | Learned a level 4 spell: Flame Wave
   379 | D:4      | Found a glowing drain.
   398 | Sewer    | Entered a sewer
   458 | Sewer    | Reached XP level 6. HP: 45/45 MP: 11/13
   486 | Sewer    | Found a white marble altar of Elyvilon.
   619 | D:3      | Identified the +3 leather armour "Namochor" {rPois}
   680 | D:4      | Reached XP level 7. HP: 50/50 MP: 12/15
   685 | D:4      | Reached skill level 5 in Spellcasting
  1131 | D:4      | Found a snail-covered altar of Cheibriados.
  1261 | D:5      | Entered Level 5 of the Dungeon
  1261 | D:5      | Noticed a water moccasin
  1264 | D:5      | Killed a water moccasin
  1265 | D:5      | Reached skill level 6 in Fire Magic
  1389 | D:5      | Reached XP level 8. HP: 58/58 MP: 10/18
  1733 | D:5      | Identified the +0 leather armour of Springtime {rN+}
  1820 | D:5      | Reached skill level 7 in Fire Magic
  2013 | D:5      | Found a staircase to the Ecumenical Temple.
  2019 | Temple   | Entered the Ecumenical Temple
  2216 | Temple   | Became a worshipper of Vehumet
  2274 | D:6      | Noticed Maggie
  2283 | D:6      | Killed Maggie
  2305 | D:6      | Gained mutation: You passively map the area around you.
                  | [Meteoran growth]
  2305 | D:6      | Reached XP level 9. HP: 15/63 MP: 9/21
  2317 | D:6      | Reached skill level 8 in Fire Magic
  2408 | D:6      | Reached skill level 1 in Staves
  2621 | D:6      | Found Cujadep's Weapon Shop.
  2656 | D:6      | Noticed Edmund
  2667 | D:6      | Killed Edmund
  2700 | D:7      | Reached skill level 1 in Maces & Flails
  2705 | D:7      | Reached skill level 5 in Staves
  2708 | D:7      | Reached * piety under Vehumet
  2708 | D:7      | Offered knowledge of Shock by Vehumet.
  2719 | D:7      | HP: 2/63 [centaur (3)]
  2719 | D:7      | Slain by a centaur

Illustrated notes

Levels and vault maps discovered:
D:1:      scummos_arrival_simple_crosswalls, layout_rooms
D:2:      layout_loops_corners
D:3:      layout_rooms, nicolae_ecumenical_oubliette, minmay_vboxes,
          uniq_jessica
D:4:      layout_basic, mainiacjoe_overflow_brackets, slow_altar_2,
          gup_sewer_entry_pipe, minmay_misc_feat_ornament, uniq_pikel
D:5:      layout_loops_corners, minmay_temple_entry_enclosed_plants
D:6:      layout_loops_corners, chequers_temple_overflow_statue_of_worship,
          serial_shops, nicolae_shop_tiny_glass, hangedman_glass_teeth,
          kennysheep_generic_room_15, uniq_edmund, uniq_maggie,
          uniq_crazy_yiuf_cottage
D:7:      layout_basic, serial_shops, nicolae_shop_overgrown_old_shop,
          dreamdust_wishing_well, uniq_prince_ribbit1
Temple:   nicolae_temple_slightly_damp_pantheon

Skill      XL: |  1  2  3  4  5  6  7  8  9 |
---------------+----------------------------+-----
Fire Magic     | 4 5 6 7 8 |  8.0
Spellcasting   | 3 4 6 7 |  7.5
Conjurations   | 2 3 4 |  4.3
Stealth        | 2 |  2.3
Dodging        | 3 |  3.6
Evocations     | 2 3 |  3.0
Staves         | 5 |  5.9
Maces & Flails | 4 |  4.3
Fighting       | |  0.7
Unarmed Combat | |  0.3

Action                     |  1- 3 |  4- 6 |  7- 9 || total
---------------------------+-------+-------+-------++-------
  Melee: Unarmed           |     3 |    17 |    23 ||    43
         Punch             |       |     1 |       ||     1
         Quarterstaff      |       |       |     1 ||     1
   Cast: Foxfire           |    19 |    43 |    43 ||   105
         Scorch            |     1 |    12 |    38 ||    51
         Flame Wave        |       |       |    10 ||    10
    Use: Scroll            |       |     3 |     5 ||     8
         Potion            |       |       |     7 ||     7
 Armour: Robe              |     1 |     3 |    11 ||    15
  Dodge: Dodged            |     3 |    16 |    37 ||    56
